 Dungeon Crawl Stone Soup version 0.17.1-1-g73c8601 (console) character file.

16695 Kloppie the Fighter (level 12, -7/169 HPs)
             Began as a Centaur Berserker on Dec 20, 2015.
             Was an Elder of Trog.
             Mangled by a red devil
             ... wielding a +0 trident of venom
              (9 damage)
             ... on level 11 of the Dungeon.
             The game lasted 00:25:33 (15966 turns).

Kloppie the Fighter (Centaur Berserker)            Turns: 15966, Time: 00:25:33

Health: -7/169     AC: 15    Str: 24    XL:     12   Next: 12%
Magic:  0/12       EV:  5    Int:  6    God:    Trog [****..]
Gold:   757        SH:  0    Dex: 15    Spells: 0 memorised, 11 levels left

rFire  . . .     SeeInvis +     a - +1 war axe (freeze)
rCold  . . .     Clarity  .     G - +0 plate armour
rNeg   . . .     SustAt   .     (no shield)
rPois  +         Gourm    .     d - +0 helmet
rElec  .         Spirit   +     z - -1 cloak (curse)
rCorr  .         Warding  .     k - +1 pair of gloves
rMut   .         Stasis   .     (no barding)
MR     ++...                    i - amulet of guardian spirit
Stlth  ..........               L - ring of see invisible
                                D - ring of poison resistance

@: berserking (expiring), lethally poisoned (-7 -> -8), weakened, regenerating,
very quick, very resistant to hostile enchantments, extremely unstealthy
A: hooves 3, deformed body, speed 2, tough skin 3
a: Berserk, Trog's Hand, Brothers in Arms, Burn Spellbooks, Renounce Religion


You were on level 11 of the Dungeon.
You worshipped Trog.
Trog was greatly pleased with you.
You were not hungry.

You visited 2 branches of the dungeon, and saw 13 of its levels.

You collected 757 gold pieces.

Inventory:

Hand Weapons
 a - a +1 war axe of freezing (weapon)
 b - a +0 dire flail
 U - a +0 battleaxe
Armour
 d - a +0 helmet (worn)
 k - a +1 pair of gloves (worn)
 z - a cursed -1 cloak (worn)
 G - a +0 plate armour (worn)
Jewellery
 i - an amulet of guardian spirit (around neck)
 n - an uncursed ring of sustain attributes
 D - a ring of poison resistance (left hand)
 L - a ring of see invisible (right hand)
 P - an uncursed ring of flight
Wands
 f - a wand of random effects (10)
 u - a wand of lightning (4)
 C - a wand of frost (38)
 F - a wand of disintegration (24)
 H - a wand of frost (6)
 N - a wand of magic darts (30)
 O - a wand of digging (19)
 T - a wand of digging (12)
Scrolls
 l - 3 scrolls of fear
 p - 2 scrolls of magic mapping
 q - 5 scrolls of remove curse
 x - 4 scrolls of enchant armour
 y - a scroll of enchant weapon
 I - 4 scrolls of teleportation
 K - a scroll of fog
 M - 2 scrolls of recharging
 W - a scroll of holy word {unknown}
Potions
 e - a potion of berserk rage
 g - 4 potions of might
 h - a potion of invisibility
 m - a potion of haste
 r - 2 potions of magic
 s - 2 potions of ambrosia
 t - 2 potions of flight
 w - 2 potions of agility
 A - 2 potions of curing
 B - a potion of mutation
 E - 5 potions of cure mutation
 J - 6 potions of lignification
 Q - a potion of beneficial mutation {unknown}
Books
 j - a book of Air

   Spells                             Type                      Level
   a - Shock                          Conjuration/Air              1
   b - Swiftness                      Charms/Air                   2
   c - Repel Missiles                 Charms/Air                   2
   d - Static Discharge               Conjuration/Air              3
   e - Lightning Bolt                 Conjuration/Air              5
   Trog disapproves of the use of such an item.
Comestibles
 c - 8 bread rations
 o - 5 meat rations
 v - 5 fruits
 R - 2 chunks of flesh
 S - a beef jerky


   Skills:
 - Level 12.5 Fighting
 - Level 11.5 Axes
 + Level 7.8 Armour
 - Level 1.3 Dodging


You had 11 spell levels left.
You didn't know any spells.

Dungeon Overview and Level Annotations

Branches:
Dungeon (11/15)            Temple (0/1) D:4            Lair (2/8) D:8
    Orc (0/4) D:9

Altars:
Dithmenos
Gozag
Makhleb
Okawaru
Trog
Vehumet
Xom
Zin


Innate Abilities, Weirdness & Mutations

You have hooves in place of feet.
Armour fits poorly on your strangely shaped body.
You cover ground very quickly.
You have extremely tough skin (AC +3).


Message History

You hit the red devil. You freeze the red devil.
The red devil is heavily wounded.
Your plate armour prevents you from hitting the red devil.
The red devil is lightly wounded.
You feel sick.
You barely miss the red devil. Your kick misses the red devil.
The red devil is heavily wounded.
You hit the red devil but do no damage.
The red devil is lightly wounded.
You feel sick.
The red devil hits you but does no damage. x2
You are more poisoned.
You hit the red devil but do no damage.
You kick the red devil, but do no damage.
The red devil is heavily wounded.
You hit the red devil. You freeze the red devil.
The red devil is heavily wounded.
You feel sick.
The red devil hits you with a trident of venom!
You die...

## .... . ....# .# #. ## #
(...##. ##.#. . # ......
.... .### # ##
#....####..#...###### .#
##((##..##..##..#...#...##.#
.............#..><.......#..
...........@4#............#.
#!!##..##.4##..............
###....####.............#.
........................##.
................#...#...###.
#.####..#.......##########..
. ##.....................
.............=......##..
...................###.#


You could see 2 red devils.

Vanquished Creatures
  Gastronok (D:8)
  The ghost of Kloppie the Fighter, a novice CeBe of Trog (D:7)
  2 hill giants
  Pikel (D:5)
  A black mamba (Lair:1)
  Maurice (D:8)
  Joseph (D:7)
  An elephant (D:8)
  3 orange demons (D:11)
  4 blink frogs (Lair:1)
  2 trolls
  Prince Ribbit (D:6)
  2 two-headed ogres
  A shadow (D:11)
  13 yaks
  9 humans (D:8)
  Eustachio (D:5)
  Menkaure (D:5)
  4 hippogriffs
  Edmund (D:6)
  7 orc warriors
  2 porcupines (Lair:1)
  Duvessa (D:6)
  A black bear (D:7)
  2 sky beasts
  3 phantoms
  2 water moccasins
  An ice beast (D:9)
  2 wasps
  2 centaurs
  A crocodile (D:8)
  A big kobold (D:10)
  Blork the orc (D:6)
  9 giant frogs
  Dowan (D:6)
  A wyvern skeleton (D:9)
  11 killer bees
  3 wights (D:10)
  6 crimson imps
  A jelly (D:9)
  A centaur skeleton (D:9)
  10 orc priests
  10 hounds
  2 iguanas
  6 orc wizards
  5 sheep (D:8)
  A killer bee zombie (D:7)
  9 worker ants
  A hound skeleton (D:4)
  A worker ant zombie (D:9)
  5 gnolls
  13 adders
  3 river rats
  4 shadow imps
  An ooze (D:2)
  An adder skeleton (D:9)
  4 worms
  35 orcs
  8 giant cockroaches
  11 goblins
  11 hobgoblins
  13 jackals
  4 quokkas
  3 ball pythons
  7 bats
  A giant cockroach zombie (D:3)
  2 giant newts
  12 kobolds
  A quokka skeleton (D:9)
  10 rats
304 creatures vanquished.

Vanquished Creatures (collateral kills)
  2 yaks (Lair:1)
2 creatures vanquished.

Vanquished Creatures (others)
  A slave (D:5)
  A gnoll sergeant (D:5)
  A statue (D:5)
  2 gnolls (D:5)
  A giant cockroach (D:5)
6 creatures vanquished.

Grand Total: 312 creatures vanquished

Notes
Turn   | Place    | Note
--------------------------------------------------------------
     0 | D:1      | Kloppie the Centaur Berserker began the quest for the Orb.
     0 | D:1      | Reached XP level 1. HP: 19/19 MP: 1/1
   163 | D:1      | Reached XP level 2. HP: 26/26 MP: 2/2
   399 | D:1      | Reached XP level 3. HP: 30/33 MP: 3/3
   401 | D:1      | Reached ** piety under Trog
   789 | D:2      | Reached skill level 4 in Fighting
  1306 | D:2      | Reached XP level 4. HP: 37/40 MP: 4/4
  2539 | D:3      | Reached XP level 5. HP: 14/47 MP: 5/5
  2546 | D:3      | Reached *** piety under Trog
  3173 | D:3      | Reached skill level 5 in Fighting
  3184 | D:3      | Reached XP level 6. HP: 56/56 MP: 6/6
  3456 | D:3      | Found a glowing silver altar of Zin.
  3494 | D:3      | Found an iron altar of Okawaru.
  3494 | D:3      | Found a shadowy altar of Dithmenos.
  3617 | D:4      | Found a staircase to the Ecumenical Temple.
  4291 | D:4      | Found a shimmering altar of Xom.
  4328 | D:4      | Reached skill level 5 in Axes
  4518 | D:5      | Entered Level 5 of the Dungeon
  4518 | D:5      | Noticed Eustachio
  4529 | D:6      | Noticed Edmund
  4534 | D:5      | Noticed Menkaure
  5017 | D:5      | Reached skill level 6 in Fighting
  5109 | D:6      | Killed Edmund
  5109 | D:6      | Reached XP level 7. HP: 64/64 MP: 7/7
  5181 | D:6      | Found a glowing drain.
  5447 | D:6      | Noticed a water moccasin
  5460 | D:6      | Killed a water moccasin
  5691 | D:6      | Noticed Dowan
  5697 | D:6      | Noticed Duvessa
  5712 | D:6      | Killed Duvessa
  5713 | D:6      | Killed Dowan
  5713 | D:6      | Reached skill level 7 in Fighting
  5930 | D:6      | Reached XP level 8. HP: 68/73 MP: 8/8
  5981 | D:6      | Reached **** piety under Trog
  6039 | D:6      | Noticed Blork the orc
  6042 | D:6      | Noticed Prince Ribbit
  6048 | D:6      | Killed Blork the orc
  6051 | D:6      | Killed Prince Ribbit
  6112 | D:6      | Reached skill level 8 in Fighting
  6132 | D:6      | Found an opulent altar of Gozag.
  6670 | D:7      | Noticed Joseph
  6676 | D:7      | Reached skill level 9 in Fighting
  6676 | D:7      | Reached XP level 9. HP: 72/83 MP: 9/9
  6687 | D:7      | Killed Joseph
  6996 | D:8      | Found a staircase to the Lair.
  6996 | D:8      | Noticed an elephant
  7063 | D:8      | Reached skill level 10 in Fighting
  7144 | D:8      | Reached XP level 10. HP: 27/94 MP: 10/10
  7642 | D:8      | Noticed Gastronok
  7653 | D:8      | Noticed Maurice
  7823 | D:8      | Found an iron altar of Okawaru.
  7872 | D:8      | Reached skill level 10 in Axes
  8167 | D:8      | Reached skill level 11 in Fighting
  8319 | D:8      | Killed Maurice
  8445 | D:8      | Killed Gastronok
  8610 | D:8      | Killed an elephant
  9145 | Lair:1   | Entered Level 1 of the Lair of Beasts
  9167 | Lair:1   | Reached skill level 12 in Fighting
  9484 | Lair:1   | Noticed a black mamba
  9499 | Lair:1   | Killed a black mamba
  9499 | Lair:1   | Reached XP level 11. HP: 55/104 MP: 4/11
 10981 | Lair:2   | Noticed a six-headed hydra
 11448 | D:7      | Noticed Kloppie's ghost (novice CeBe)
 11895 | D:7      | Found a burning altar of Makhleb.
 11910 | D:7      | Killed Kloppie's ghost
 12310 | D:5      | Noticed Pikel
 12350 | D:5      | Killed Pikel
 12506 | D:5      | Found a radiant altar of Vehumet.
 12584 | D:5      | Killed Menkaure
 12863 | D:5      | Killed Eustachio
 13018 | D:5      | Found a bloodstained altar of Trog.
 13804 | D:9      | Reached skill level 5 in Armour
 14015 | D:9      | Found a staircase to the Orcish Mines.
 14219 | D:10     | Entered Level 10 of the Dungeon
 14447 | D:10     | Noticed a hill giant
 14471 | D:10     | Killed a hill giant
 15634 | D:11     | Noticed a hill giant
 15653 | D:11     | Killed a hill giant
 15653 | D:11     | Reached XP level 12. HP: 72/113 MP: 4/12
 15963 | D:11     | HP: 3/169 [red devil/trident (9)]
 15966 | D:11     | Mangled by a red devil

Action                   |  1- 3 |  4- 6 |  7- 9 | 10-12 || total
-------------------------+-------+-------+-------+-------++-------
Melee: Hand axe          |    96 |       |       |       ||    96
       War axe           |     6 |   191 |   263 |   657 ||  1117
       Battleaxe         |       |       |       |    15 ||    15
       Dire flail        |       |       |       |     3 ||     3
Invok: Berserk           |     3 |     4 |     5 |    12 ||    24
       Trog's Hand       |       |     3 |     7 |    14 ||    24
       Brothers in Arms  |       |       |       |     2 ||     2
  Use: Scroll            |       |    10 |     1 |    16 ||    27
       Potion            |       |       |       |     3 ||     3
  Eat: Chunk             |     4 |    12 |    11 |    33 ||    60
       Beef jerky        |       |       |     2 |     1 ||     3
       Pizza             |       |       |       |     3 ||     3
